Map: King's Cove LE

Players

Mez

  • Race: Terran Terran
  • League: Master
  • Spawn Location: 11:00

Strawhat - Winner!

  • Race: Terran Terran
  • League: Master
  • Spawn Location: 5:00

VOD

Have the link to the VOD?

Description

Time

  • Played on: July 30, 2019, 4:44 a.m.
  • Length: 25:01
Show
View Real Time Build Order
Export as new Build Order

Mez Terran 

Build Orders: Reaper Expand 

Get SALT Encoding   

  12  0:00  SCV  
  13  0:13  SCV  
  14  0:21  Supply Depot  
  14  0:25  SCV  
  15  0:43  SCV  
  15  0:45  Barracks  
  15  0:48  Refinery  
  16  0:55  SCV  
  17  1:07  SCV  
  18  1:19  SCV  
  19  1:33  Reaper, Orbital Command  
  20  1:55  Command Center  
  20  1:58  Barracks  
  20  1:59  SCV  
  21  2:06  Barracks Reactor  
  21  2:12  Barracks  
  21  2:22  Supply Depot  
  21  2:30  SCV  
  22  2:42  SCV  
  23  2:44  Marine x2  
  23  2:46  Barracks Tech Lab  
  25  2:54  SCV  
  26  2:59  Marine  
  26  3:02  Marine x2  
  29  3:06  SCV, Marauder  
  29  3:07  Concussive Shells  
  29  3:08  Orbital Command  
  32  3:17  Marine  
  32  3:19  SCV  
  34  3:20  Marine x2  
  34  3:22  Supply Depot  
  36  3:29  Marauder  
  36  3:31  SCV  
  39  3:46  SCV x2  
  39  3:48  Marine x3  
  42  3:54  Stimpack  
  44  3:56  Engineering Bay  
  44  3:59  SCV  
  44  4:00  Marine, Supply Depot  
  46  4:08  Marine x2  
  46  4:09  Marine  
  49  4:16  SCV x2  
  51  4:18  Marine  
  51  4:24  Factory  
  52  4:25  Missile Turret, Supply Depot  
  52  4:29  Refinery x2, SCV  
  53  4:39  SCV  
  53  4:41  Marine x4  
  53  4:44  SCV  
  59  4:52  SCV, Supply Depot  
  60  4:56  SCV  
  61  5:03  Marine x4  
  61  5:04  SCV  
  66  5:07  Starport  
  66  5:08  SCV, Factory Reactor  
  67  5:16  SCV, Supply Depot  
  67  5:17  Terran Infantry Weapons Level 1  
  67  5:20  SCV  
  67  5:21  Marine  
  69  5:22  Barracks Reactor  
  69  5:28  SCV  
  71  5:33  SCV  
  71  5:38  Marine x2  
  71  5:40  SCV  
  74  5:45  SCV  
  74  5:49  Marine  
  75  5:56  Marine x2  
  77  5:57  SCV x2, Command Center  
  77  6:00  Barracks  
  77  6:01  Barracks, Medivac x2  
  77  6:03  Combat Shield  
  83  6:09  Supply Depot  
  83  6:18  SCV x2  
  85  6:19  Marine  
  86  6:28  Supply Depot  
  86  6:30  Supply Depot  
  86  6:31  Marine x4  
  90  6:37  Medivac x2  
  94  6:50  Supply Depot  
  94  6:51  Barracks Reactor x2  
  94  6:52  Marine x2, Marauder  
  94  6:53  Marine x2  
  94  6:54  SCV x2  
  102  7:01  Armory  
  102  7:03  Supply Depot  
  102  7:04  Engineering Bay  
  102  7:06  SCV  
  103  7:10  Marine x2  
  103  7:13  Supply Depot  
  105  7:16  SCV  
  105  7:18  SCV  
  107  7:30  Marine x8  
  107  7:34  Medivac x2  
  107  7:35  SCV x2  
  107  7:36  Orbital Command  
  121  7:43  Supply Depot  
  121  7:44  Supply Depot  
  121  7:50  Terran Infantry Armor Level 1, Terran Infantry Weapons Level 2  
  121  7:54  SCV x2  
  123  8:01  SCV  
  123  8:05  Missile Turret  
  124  8:06  Missile Turret, SCV x2  
  125  8:18  SCV  
  126  8:22  SCV x2  
  126  8:25  Marine x8  
  126  8:26  Command Center  
  136  8:30  SCV  
  137  8:34  SCV  
  137  8:39  Supply Depot x2  
  138  8:41  Medivac x2  
  138  8:43  Supply Depot  
  142  8:49  Barracks x2  
  142  8:51  Barracks  
  118  9:32  Marine x9  
  113  9:47  Barracks Tech Lab x2  
  113  9:48  Barracks Reactor  
  113  9:49  Marine  
  113  9:50  Marine x8  
  113  9:52  Terran Infantry Armor Level 2, Barracks  
  122  9:53  Refinery, Barracks  
  122  9:54  Barracks x2  
  122  10:03  Planetary Fortress  
  122  10:05  SCV x3, Command Center  
  125  10:07  Marine  
  125  10:10  Marine x4  
  125  10:11  Marine x3, Marauder x3  
  141  10:16  Missile Turret  
  141  10:17  SCV x2  
  143  10:25  Marine  
  143  10:27  Marine x2  
  144  10:28  Marine  
  144  10:29  Marine x6  
  144  10:32  Marauder x3  
  157  10:43  Marine  
  157  10:45  Barracks Reactor x2, Marine x2  
  157  10:46  Barracks Reactor, Marine  
  157  10:47  Barracks Tech Lab  
  159  11:02  Marine x10  
  159  11:03  Marine  
  170  11:13  Command Center  
  170  11:15  Refinery  
  170  11:16  Terran Infantry Weapons Level 3  
  170  11:18  Terran Vehicle And Ship Armor Level 1  
  170  11:20  Marauder x2  
  167  11:38  Marine x4  
  167  11:39  Marine x7  
  178  11:47  Starport  
  178  11:48  Starport  
  178  11:51  Fusion Core  
  178  11:52  Starport x2  
  178  12:05  Medivac x2  
  179  12:13  Planetary Fortress  
  179  12:21  Terran Infantry Armor Level 3  
  179  12:25  Starport Tech Lab x2  
  179  12:28  Orbital Command  
  179  12:32  Refinery  
  179  12:36  Refinery  
  179  12:39  Refinery  
  179  12:40  Refinery  
  162  13:07  Marine x2  
  162  13:08  Marine x12  
  162  13:09  Marine x2, Marauder x4  
  162  13:11  Starport Tech Lab  
  162  13:12  Starport Tech Lab  
  186  13:25  Marine x3  
  189  13:30  Marauder  
  189  13:31  Marauder x3  
  189  13:32  Starport x2  
  197  13:43  Marine x4  
  159  13:57  Marine  
  159  13:59  Marine x11  
  159  14:00  Marine, Marauder x3  
  111  14:11  Starport  
  111  14:13  Fusion Core  
  111  14:14  Marine x3  
  112  14:17  Marine  
  112  14:18  Marine x13  
  112  14:20  Liberator x3  
  112  14:21  Marine x3  
  129  14:32  Command Center, Marine x3  
  129  14:36  Medivac x4  
  149  14:39  Command Center x2, Marine x4  
  153  14:57  SCV x6  
  159  15:07  Refinery x2  
  159  15:09  SCV  
  159  15:10  Viking x2  
  138  15:56  Battlecruiser x4  
  161  15:58  Starport Reactor  
  161  16:05  Viking  
  161  16:07  Starport Tech Lab  
  161  16:19  SCV  
  161  16:20  SCV x4  
  161  16:24  Viking  
  168  16:26  Marine x2  
  170  16:35  Viking  
  160  16:52  Battlecruiser  
  148  17:00  Battlecruiser  
  144  17:04  Marine x2  
  127  17:10  SCV  
  127  17:11  SCV x4  
  127  17:14  Orbital Command  
  127  17:15  Orbital Command  
  130  17:20  Viking x3  
  130  17:21  Viking  
  138  17:28  Weapon Refit  
  138  17:41  Viking x3  
  144  17:47  Marine x3  
  144  17:48  Marine x6  
  144  17:50  Viking  
  131  17:54  Planetary Fortress  
  131  18:08  Battlecruiser x2  
  131  18:09  Marine  
  131  18:10  Marine x2  
  146  18:13  Terran Vehicle And Ship Armor Level 2  
  145  18:21  Marine x8  
  145  18:22  Marine  
  145  18:25  Marine x3  
  145  18:26  Marine  
  155  18:27  Medivac  
  155  18:28  Marine  
  158  18:38  Sensor Tower  
  158  18:50  Viking x4  
  158  18:51  Viking  
  161  19:07  Viking x2  
  161  19:08  Factory Tech Lab  
  165  19:10  Marine x11  
  166  19:29  Marine x8  
  166  19:30  Marine x11  
  153  19:38  Marine  
  131  19:47  Marine x7  
  115  19:53  Marine x8  
  115  19:55  Viking  
  112  20:06  Orbital Command  
  100  20:16  Marine  
  100  20:17  Marine x13  
  100  20:20  Orbital Command  
  114  20:26  Marine  
  114  20:27  Marine x5  
  120  20:32  Medivac  
  120  20:34  Marine  
  120  20:35  Marine x6  
  127  20:45  Marine  
  123  20:58  Marine x5  
  123  21:01  Marine x2  
  123  21:02  Marine x10  
  125  21:17  Marine x8  
  110  21:19  Marine x2  
  110  21:22  Viking x5  
  119  21:37  Marine x11  
  119  21:38  Marine  
  129  21:48  Marine x8  
  139  21:55  Marine x3  
  138  22:19  Marine x8  
  138  22:20  Viking, Marine x6  
  138  22:21  Viking x2  
  151  22:32  Marine  
  151  22:33  Marine x3  
  151  22:35  Marine x2  
  157  22:37  Marine x5  
  157  22:40  Medivac x2  
  150  23:08  Marine x13  
  150  23:09  Marine  
  129  23:17  Marine  
  105  23:21  Marine x5  
  105  23:26  Marine x3  
  91  23:27  Marine x2  
  91  23:28  Marine x8  
  101  23:39  Marine  
  101  23:40  Marine x4  
  101  23:45  Orbital Command  
  93  23:52  Marine  
  93  23:53  Marine x2  
  94  24:25  Marine x6  
  94  24:26  Marine x7  
  107  24:35  Marine  
Show
View Real Time Build Order
Export as new Build Order

Strawhat Terran - Winner!

Build Orders: Gas First Reaper Expand 

Get SALT Encoding   

  12  0:00  SCV  
  13  0:13  SCV  
  14  0:18  Supply Depot  
  14  0:25  SCV  
  15  0:29  Refinery  
  15  0:39  SCV  
  16  0:46  Barracks  
  16  0:51  SCV  
  17  1:03  SCV  
  18  1:16  SCV  
  19  1:32  Orbital Command  
  19  1:33  Reaper  
  20  1:49  Command Center  
  20  1:57  SCV  
  21  2:02  Factory  
  21  2:07  Reaper  
  22  2:13  Supply Depot  
  22  2:14  SCV  
  22  2:30  SCV  
  22  2:34  Refinery  
  23  2:40  Barracks Reactor  
  23  2:42  SCV  
  24  2:46  Hellion  
  26  2:55  SCV  
  27  3:00  Starport  
  27  3:03  Orbital Command  
  27  3:07  SCV  
  27  3:09  Factory Tech Lab  
  28  3:16  Marine x2  
  28  3:19  SCV  
  31  3:28  Cyclone  
  31  3:31  SCV  
  35  3:37  SCV  
  36  3:41  Marine x2  
  36  3:43  SCV, Starport Tech Lab  
  39  3:49  SCV  
  39  3:54  Refinery  
  40  3:59  Marine x2  
  40  4:00  Siege Tank  
  40  4:01  SCV  
  46  4:05  Supply Depot  
  46  4:09  SCV  
  47  4:15  SCV  
  48  4:19  Marine  
  48  4:20  Marine  
  48  4:21  SCV  
  51  4:28  SCV  
  51  4:29  Raven  
  54  4:33  SCV  
  54  4:37  Supply Depot  
  54  4:38  Marine x2  
  54  4:40  Siege Tank, SCV  
  60  4:45  SCV  
  60  4:48  Supply Depot  
  60  4:52  SCV  
  62  4:58  SCV, Marine x2  
  65  5:04  SCV  
  65  5:05  Supply Depot  
  66  5:11  SCV  
  66  5:13  Siege Tank, Supply Depot  
  70  5:16  SCV  
  70  5:17  Marine x2  
  70  5:20  Raven  
  75  5:23  SCV  
  76  5:29  SCV  
  76  5:32  Supply Depot  
  76  5:35  SCV, Marine x2, Supply Depot  
  78  5:41  SCV  
  81  5:45  Siege Tank  
  81  5:47  SCV  
  85  5:54  SCV  
  84  5:59  SCV  
  84  6:00  Command Center  
  85  6:12  Engineering Bay, Barracks  
  85  6:13  SCV x2  
  85  6:14  Engineering Bay, Refinery, Barracks  
  85  6:17  Stimpack, Marine  
  88  6:25  Siege Tank, SCV x2  
  93  6:32  Viking  
  95  6:33  Viking  
  97  6:41  SCV x2  
  97  6:42  Marine  
  97  6:46  Terran Infantry Armor Level 1, Terran Infantry Weapons Level 1  
  100  6:58  SCV x2  
  100  7:01  Marauder  
  104  7:05  Barracks Reactor  
  103  7:11  Barracks Reactor  
  102  7:16  Viking, Siege Tank  
  102  7:21  Orbital Command  
  101  7:34  Marine  
  101  7:36  SCV x2  
  104  7:39  Armory  
  104  7:42  Marine x2, Orbital Command  
  106  7:48  Siege Tank  
  106  7:49  SCV x2, Marine x2, Barracks x2  
  113  7:52  Viking x2, Marine  
  118  7:59  Marine  
  118  8:01  SCV x2  
  121  8:06  Marine  
  121  8:07  Marine x2  
  121  8:10  Marine  
  124  8:13  SCV  
  125  8:26  SCV  
  125  8:38  Barracks Reactor x2  
  125  8:45  Combat Shield  
  125  8:46  Viking, SCV x2, Marine x4  
  133  8:50  Supply Depot x2  
  133  9:00  Terran Infantry Armor Level 2, Terran Infantry Weapons Level 2  
  133  9:05  Supply Depot  
  133  9:06  Supply Depot x2  
  133  9:09  Refinery  
  133  9:11  Siege Tank, SCV x3, Marine  
  133  9:13  Refinery  
  140  9:23  SCV x3  
  135  9:35  SCV x2  
  129  9:40  Marine x5  
  129  9:41  Marine x4  
  129  9:42  Viking x2  
  129  9:43  Siege Tank  
  129  9:44  Terran Vehicle Weapons Level 1  
  145  9:47  Supply Depot x2  
  145  9:48  Supply Depot  
  145  9:55  Missile Turret x2  
  145  9:56  Missile Turret  
  145  9:58  Missile Turret x2, Marine x3  
  148  10:00  Marine  
  148  10:01  Marine x5  
  148  10:05  Missile Turret  
  154  10:12  Missile Turret  
  154  10:14  Missile Turret  
  154  10:16  Viking x2, Siege Tank, Marine x2  
  154  10:18  SCV  
  163  10:37  Marine  
  163  10:38  Marine x8  
  170  10:55  Viking, Siege Tank, Marine x3  
  170  10:56  Viking, Marine x2  
  180  11:02  Starport x2  
  180  11:03  Fusion Core  
  180  11:06  Command Center  
  180  11:12  Marine x4  
  180  11:13  Marine  
  180  11:18  Terran Infantry Armor Level 3, Terran Infantry Weapons Level 3  
  184  11:25  Medivac x2  
  184  11:30  Marine  
  184  11:31  Marine x8  
  197  11:33  Concussive Shells  
  196  11:57  Starport Reactor  
  196  11:58  Starport Tech Lab  
  196  11:59  Terran Vehicle Weapons Level 2  
  196  12:13  Marine  
  197  12:17  Marine x3  
  200  12:23  Command Center  
  200  12:28  Sensor Tower  
  200  12:29  Sensor Tower, Command Center  
  200  12:37  Planetary Fortress  
  200  12:49  Viking  
  199  12:58  Siege Tank  
  199  12:59  Viking  
  199  13:04  Refinery  
  200  13:07  Refinery  
  200  13:14  Advanced Ballistics  
  200  13:37  Liberator x4  
  189  13:52  Marine  
  189  13:54  Siege Tank  
  183  13:55  Raven  
  153  14:06  Marine  
  153  14:07  Marine x7  
  150  14:10  Marine  
  150  14:12  Factory  
  151  14:19  Hi-Sec Auto Tracking, Neosteel Armor  
  151  14:20  Terran Vehicle Weapons Level 3  
  151  14:24  Marine, Liberator  
  151  14:26  Siege Tank  
  155  14:32  Marine x8  
  163  14:40  Medivac  
  163  14:41  Medivac  
  163  14:42  Marine  
  171  14:46  Orbital Command  
  171  14:49  Marine  
  172  14:54  Liberator  
  172  14:58  Marine  
  172  14:59  Marine x5, Factory Tech Lab  
  176  15:00  Siege Tank  
  176  15:01  Raven  
  181  15:12  Liberator x2  
  184  15:28  Siege Tank  
  187  15:30  Viking  
  195  15:44  Raven  
  171  15:54  Marine x9  
  171  15:55  Siege Tank  
  179  16:00  Siege Tank  
  182  16:06  Orbital Command  
  182  16:11  Marine  
  182  16:12  Marine x5  
  185  16:27  Siege Tank  
  185  16:32  Siege Tank  
  189  16:40  Marine  
  189  16:41  Marine x8  
  175  16:58  Marine  
  174  17:05  Marine x7  
  174  17:06  Marine  
  179  17:12  Command Center  
  179  17:13  Command Center  
  179  17:14  Viking, Siege Tank x2  
  179  17:15  Viking x3, Command Center  
  193  17:16  Raven, Marine  
  196  17:23  Marine  
  197  17:33  Marine x3  
  197  17:34  Sensor Tower  
  197  17:36  Missile Turret  
  200  17:38  Missile Turret  
  196  18:01  Terran Vehicle And Ship Armor Level 1  
  196  18:06  Armory  
  196  18:07  Viking x2  
  200  19:07  Orbital Command  
  200  19:08  Orbital Command  
  152  19:47  Marine x3  
  152  19:48  Siege Tank x2, Marine x6  
  152  19:49  Viking x4, Raven  
  154  20:03  Planetary Fortress  
  154  20:05  Marine x2  
  149  20:07  Missile Turret  
  149  20:10  Refinery  
  149  20:13  Marine x4  
  149  20:14  Marine x3  
  154  20:20  Siege Tank  
  154  20:21  Siege Tank  
  160  20:23  Marine x2  
  162  20:31  Marine x7  
  169  20:41  Marine  
  170  20:44  Viking x3  
  170  20:45  Viking, Raven  
  180  21:03  Marine x5  
  180  21:04  Marine  
  168  21:19  Marine x3  
  168  21:20  Viking x3, Siege Tank x2  
  168  21:21  Viking, Marine x6  
  190  21:37  Marine x3  
  190  21:39  Terran Vehicle And Ship Armor Level 2, Marine x3  
  196  21:40  Terran Ship Weapons Level 1  
  196  21:52  Siege Tank  
  192  22:21  Marine  
  192  22:22  Marine x7  
  157  23:23  Marine  
  157  23:24  Marine x8  
  157  23:25  Viking x3, Siege Tank x2  
  157  23:26  Viking, Raven  
  162  23:41  Marine x7  
  162  23:42  Marine x2  
  169  23:48  SCV, Barracks  
  169  23:49  Barracks x2  
  169  23:51  Barracks x2  
  167  23:57  Siege Tank x2  
  167  23:59  Marine x4  
  177  24:09  Marine  
  177  24:10  Marine x4  
  182  24:17  Marine x4  
  182  24:22  Medivac x3  
  182  24:23  Viking  
  194  24:27  Marine x3  
  194  24:28  Marine  
Tags
 
Add a new tag
Caveats
  • Supply blocks, unpowered buildings, or Contaminate may cause inaccurate times.
  • Supply counts are checked every 10 seconds.